 Dungeon Sprint DCSS version 0.30.1-3-gfc49f6343a (webtiles) character file.

Game seed: 7823594925353981115

169126 Revguard the End of an Era (level 17, 0/160 HPs)
             Began as a Demonspawn Fighter on July 30, 2023.
             Was the Champion of Qazlal.
             Constricted to death by a tentacled monstrosity (4 damage)
             ... summoned by Zuheocua
             ... in the Dungeon (Sprint V: "Ziggurat Sprint").
             The game lasted 00:38:57 (2508 turns).

Revguard the End of an Era (Demonspawn Fighter)     Turns: 2508, Time: 00:38:58

Health: 0/160      AC: 45    Str: 24    XL:     17   Next: 34%
Magic:  16/34      EV:  8    Int: 11    God:    Qazlal [******]
Gold:   0          SH: 41    Dex: 14    Spells: 16/16 levels left

rFire   + + .        E - +17 lance "Wyrmbane" {slay drac, rPois rF+ rC+ AC+3}
rCold   + . .        C - +18 shield of the Gong {Loud rN+ Will+ rCorr EV-5}
rNeg    + + +        D - +15 Maxwell's patent armour {-Cast -Tele rElec Will+ rCorr}
rPois   +            (helmet unavailable)
rElec   +            x - +0 cloak of Zitusawk {rElec rN++ rCorr Stlth-}
rCorr   +            f - +1 pair of gloves {infuse}
SInv    +            (boots unavailable)
Will    +++..        H - amulet of regeneration Stlth
                     u - ring "Ileableu" {rPois rF+ Slay+4}
HPRegen 1.26/turn    G - ring "Dinick" {Fly rElec rN+ Str+2 SInv}
MPRegen 0.24/turn

%: no teleportation, no spellcasting, repel missiles, infuse magic (1 MP)
@: weakened, protected from physical damage, flying, constricted, studying 5
skills, silenced
A: claws 2, hooves 3, horns 3, demonic guardian 2, ignite blood 2, augmentation
1
a: Renounce Religion


You were in the Dungeon.
You worshipped Qazlal.
Qazlal was exalted by your worship.
You visited 1 branch

Inventory:

Hand Weapons
 E - the +17 lance "Wyrmbane" (weapon) {slay drac, rPois rF+ rC+ AC+3}
   (You found it in the Dungeon)

   AC:        It affects your AC (+3).
   rF:        It protects you from fire.
   rC:        It protects you from cold.
   rPois:     It protects you from poison.
Armour
 f - a +1 pair of gloves of infusion (worn)
 x - the +0 cloak of Zitusawk (worn) {rElec rN++ rCorr Stlth-}
   (You found it in the Dungeon)

   rElec:     It insulates you from electricity.
   rN:        It greatly protects you from negative energy.
   rCorr:     It protects you from acid and corrosion.
   Stlth:     It makes you less stealthy.
 C - the +18 shield of the Gong (worn) {Loud rN+ Will+ rCorr EV-5}
   (You found it in the Dungeon)

   Loud:      It is deafeningly noisy when blocking attacks.
   EV:        It affects your evasion (-5).
   rN:        It protects you from negative energy.
   rCorr:     It protects you from acid and corrosion.
   Will:      It increases your willpower.
 D - the +15 Maxwell's patent armour (worn) {-Cast -Tele rElec Will+ rCorr}
   (You found it in the Dungeon)

   rElec:     It insulates you from electricity.
   -Cast:     It prevents spellcasting.
   -Tele:     It prevents most forms of teleportation.
   rCorr:     It protects you from acid and corrosion.
   Will:      It increases your willpower.
Jewellery
 a - the ring "Latyneorch" {rF+ Int+8}
   (You found it in the Dungeon)

   [ring of protection from fire]

   Int:       It affects your intelligence (+8).
   rF:        It protects you from fire.
 b - the ring of Ykkol {rF+ MP+9 Slay+3 Stlth+}
   (You found it in the Dungeon)

   [ring of magical power]

   Slay:      It affects your accuracy & damage with ranged weapons and melee
   (+3).
   rF:        It protects you from fire.
   MP:        It affects your magic capacity (+9).
   Stlth:     It makes you more stealthy.
 s - the amulet "Eshocwex" {Acrobat Int+2 Dex+4}
   (You took it off a spriggan air mage in the Dungeon)

   [amulet of the acrobat]

   It increases your evasion while moving and waiting.
   Int:       It affects your intelligence (+2).
   Dex:       It affects your dexterity (+4).
 u - the ring "Ileableu" (left hand) {rPois rF+ Slay+4}
   (You took it off a deep elf pyromancer in the Dungeon)

   [ring of poison resistance]

   Slay:      It affects your accuracy & damage with ranged weapons and melee
   (+4).
   rF:        It protects you from fire.
   rPois:     It protects you from poison.
 G - the ring "Dinick" (right hand) {Fly rElec rN+ Str+2 SInv}
   (You found it in the Dungeon)

   [ring of see invisible]

   Str:       It affects your strength (+2).
   rElec:     It insulates you from electricity.
   rN:        It protects you from negative energy.
   SInv:      It lets you see invisible.
   Fly:       It grants you flight.
 H - an amulet of regeneration (around neck)
Wands
 z - a wand of digging (45)
 A - a wand of mindburst (9)
 B - a wand of acid (22)
 I - a wand of flame (75)
 K - a wand of polymorph (17)
 L - a wand of roots (48)
 N - a wand of paralysis (35)
Scrolls
 c - 4 scrolls of enchant weapon
 j - 4 scrolls of blinking
 o - 4 scrolls of amnesia
 p - 7 scrolls of fog
 q - 5 scrolls of identify
 r - 2 scrolls of fear
 M - 4 scrolls of brand weapon
Potions
 d - 8 potions of might
 e - 6 potions of curing
 g - 18 potions of haste
 h - 6 potions of magic
 i - 3 potions of berserk rage
 k - 2 potions of brilliance
 l - 2 potions of invisibility
 m - 3 potions of resistance
Miscellaneous
 n - a phial of floods
 t - a lightning rod (4/4)
 w - a box of beasts
 y - a condenser vane
 F - a piece from Xom's chessboard (15/15)


   Skills:
 + Level 22.3 Fighting
 + Level 20.7 Polearms
 + Level 20.7 Armour
 + Level 20.6 Dodging
 + Level 21.0 Shields
 O Level 27 Invocations
 + Level 22.1 Evocations


You had 16 spell levels left.
You didn't know any spells.
Your spell library contained the following spells:

 Spells                   Type           Power      Damage    Failure   Level
 Apportation              Tloc           0%         N/A       92%         1
 Foxfire                  Conj/Fire      0%         2x1d4     92%         1
 Freeze                   Ice            0%         1d3       92%         1
 Kiss of Death            Conj/Necr      0%         2d5       92%         1
 Magic Dart               Conj           0%         1d3       92%         1
 Sandblast                Erth           0%         2d4       92%         1
 Shock                    Conj/Air       0%         1d3       92%         1
 Sting                    Tmut/Pois      0%         1d3       92%         1
 Summon Small Mammal      Summ           0%         N/A       92%         1
 Blink                    Tloc           0%         N/A       98%         2
 Call Imp                 Summ           0%         N/A       98%         2
 Cigotuvi's Dreadful Rot  Necr/Pois/Air  0%         N/A       98%         2
 Ensorcelled Hibernation  Hex/Ice        0%         N/A       98%         2
 Lesser Beckoning         Tloc           0%         N/A       98%         2
 Momentum Strike          Conj/Tloc      0%         3d8       98%         2
 Passwall                 Tmut/Erth      0%         N/A       98%         2
 Poisonous Vapours        Pois/Air       0%         N/A       98%         2
 Static Discharge         Conj/Air       0%         2-2/arc   98%         2
 Call Canine Familiar     Summ           0%         N/A       100%        3
 Confusing Touch          Hex            0%         N/A       100%        3
 Frozen Ramparts          Ice            0%         1d1       100%        3
 Hailstorm                Conj/Ice       0%         3d3       100%        3
 Ignite Poison            Fire/Tmut/Pois 0%         N/A       100%        3
 Mephitic Cloud           Conj/Pois/Air  0%         N/A       100%        3
 Ozocubu's Armour         Ice            0%         N/A       100%        3
 Portal Projectile        Hex/Tloc       0%         N/A       100%        3
 Spider Form              Tmut/Pois      0%         N/A       100%        3
 Stone Arrow              Conj/Erth      0%         3d7       100%        3
 Anguish                  Hex/Necr       0%         N/A       100%        4
 Animate Armour           Summ/Erth      0%         N/A       100%        4
 Animate Dead             Necr           0%         N/A       100%        4
 Dispel Undead            Necr           0%         3d6       100%        4
 Flame Wave               Conj/Fire      0%         2d4       100%        4
 Fulminant Prism          Conj/Hex       0%         3d5       100%        4
 Leda's Liquefaction      Hex/Erth       0%         N/A       100%        4
 Olgreb's Toxic Radiance  Pois           0%         N/A       100%        4
 Sticky Flame             Conj/Fire      0%         2d3       100%        4
 Summon Ice Beast         Ice/Summ       0%         N/A       100%        4
 Summon Lightning Spire   Summ/Air       0%         N/A       100%        4
 Agony                    Necr           0%         N/A       100%        5
 Alistair's Intoxication  Tmut/Pois      0%         N/A       100%        5
 Borgnjor's Vile Clutch   Necr/Erth      0%         N/A       100%        5
 Fireball                 Conj/Fire      0%         3d3       100%        5
 Freezing Cloud           Conj/Ice/Air   0%         6-21      100%        5
 Iskenderun's Battlesphe  Conj           0%         2d6       100%        5
 Metabolic Englaciation   Hex/Ice        0%         N/A       100%        5
 Summon Forest            Summ/Tloc      0%         N/A       100%        5
 Summon Mana Viper        Hex/Summ       0%         N/A       100%        5
 Yara's Violent Unravell  Hex/Tmut       0%         3d3       100%        5
 Conjure Ball Lightning   Conj/Air       0%         3x3d6     100%        6
 Death Channel            Necr           0%         N/A       100%        6
 Eringya's Noxious Bog    Tmut/Pois      0%         N/A       100%        6
 Iron Shot                Conj/Erth      0%         9d1       100%        6
 Plasma Beam              Fire/Air       0%         2x1d11    100%        6
 Simulacrum               Ice/Necr       0%         N/A       100%        6
 Starburst                Conj/Fire      0%         6d3       100%        6
 Summon Cactus Giant      Summ           0%         N/A       100%        6
 Haunt                    Necr/Summ      0%         N/A       100%        7
 Malign Gateway           Summ/Tloc      0%         N/A       100%        7
 Monstrous Menagerie      Summ           0%         N/A       100%        7
 Ozocubu's Refrigeration  Ice            0%         4d7       100%        7
 Spellforged Servitor     Conj/Summ      0%         N/A       100%        7
 Storm Form               Tmut/Air       0%         N/A       100%        7
 Summon Hydra             Summ           0%         N/A       100%        7
 Borgnjor's Revivificati  Necr           0%         N/A       100%        8
 Discord                  Hex            0%         N/A       100%        8
 Disjunction              Tloc           0%         N/A       100%        8
 Ignition                 Fire           0%         3d3       100%        8
 Infestation              Necr           0%         N/A       100%        8
 Lehudib's Crystal Spear  Conj/Erth      0%         10d2      100%        8
 Maxwell's Capacitive Co  Air            0%         ∞         100%        8
 Necromutation            Tmut/Necr      0%         N/A       100%        8
 Summon Horrible Things   Summ           0%         N/A       100%        8
 Chain Lightning          Conj/Air       0%         N/A       100%        9
 Death's Door             Necr           0%         N/A       100%        9
 Dragon's Call            Summ           0%         N/A       100%        9
 Fire Storm               Conj/Fire      0%         5d1       100%        9
 Shatter                  Erth           0%         3d5*      100%        9


Dungeon Overview and Level Annotations

Branches:
Dungeon (1/1)

Altars:
Ashenzari
Cheibriados
Dithmenos
Fedhas
Gozag
Hepliaklqana
Kikubaaqudgha
Makhleb
Nemelex Xobeh
Okawaru
Qazlal
Ru
Sif Muna
Trog
Uskayaw
Vehumet
Wu Jian
Xom
Yredelemnul
Jiyva
Lugonu


Innate Abilities, Weirdness & Mutations

You have very sharp fingernails.
You have hooves in place of feet.
You have a pair of large horns on your head.
A demonic guardian rushes to your aid.
Your demonic aura often causes spilled blood to erupt in flames.
Your magical and physical power is slightly enhanced at high health.


Message History

Nedutemit's surroundings become eerily quiet.
Vomutter is engulfed in a thunderstorm.
Vomutter hits you but does no damage.
The tentacled monstrosity tentacle-slaps you but does no damage. x3
The tentacled monstrosity constricts you.
* * * LOW HITPOINT WARNING * * *
Tucihe claws you!
* * * LOW HITPOINT WARNING * * *
You feel as though you will be weak longer.
You feel better.
Mupigh is no longer covered in acid.
Fuug Ybe is engulfed in freezing vapours.
Fuug Ybe barely misses you.
Hiarghuf is engulfed in a thunderstorm.
Hiarghuf hits you but does no damage.
Kovuosu is engulfed in a thunderstorm.
Odi Dow is engulfed in a thunderstorm.
The cacodemon is engulfed in a thunderstorm.
The wraith is engulfed in a thunderstorm.
You destroy the wraith!
The wraith disappears in a puff of smoke!
Nuechuju blinks!
Zohuciceyd comes into view.
Xetsiomei gestures at you.
You feel haunted.
Goifus is engulfed in a thunderstorm.
Goifus gestures.
A dragon appears.
The smoke demon gestures at you. Something smites you!
* * * LOW HITPOINT WARNING * * *
Ryblelod is engulfed in a thunderstorm.
Ryblelod claws you but does no damage.
Tismy gestures.
Tismy blinks!
The freezing wraith is engulfed in a thunderstorm.
The hellion is engulfed in a thunderstorm.
The large abomination is engulfed in a thunderstorm.
Fuug Ybe is engulfed in freezing vapours.
You block Fuug Ybe's attack.
Mupigh is engulfed in a thunderstorm.
The tentacled monstrosity is engulfed in a thunderstorm.
The tentacled monstrosity closely misses you.
The tentacled monstrosity tentacle-slaps you but does no damage.
You block the tentacled monstrosity's attack.
The tentacled monstrosity constricts you.
You die...

.....▓ [.)).▓
[≈..§)§§§r§&§§§
.|)..▓
..3&=:...2§§2§§§
|..[.▓
.§.§.26&1D§§6§§§
.....▓
.§§§&§§&&2§4§§≈.
.....▓
.§§§§13&&&&r§≈..
.....▓
.≈.≈§&&&&&W3&.≈.
.....▓
....§W&&&&&&D.&.
.....▓
..§§§&&&@&&2....
.....▓
.§§§.4&X&&&r.&..
|....▓
.§§§.§2XWX2.....
.....
.....§§X&.2.....
▓....
..▓.........▓...
▓▓...
.▓.▓.......▓.▓..
▓..≈.
..▓.........▓...
...≈≈▓
...............
.≈.≈.▓
...............


You could see Abril (black mark, unsilenced), Bienedia (black mark, invisible,
unsilenced), Fuug Ybe (black mark), Gaq Puh (black mark, unsilenced), Gescheqea
(black mark, unsilenced), Goifus (black mark, unsilenced), Hiarghuf (black mark,
unsilenced), Killus (black mark, unsilenced), Kogiurepsa (fast, black mark,
unsilenced, corroded), Koilogg (black mark, invisible, unsilenced), Kovuosu
(black mark, unsilenced), Meus (black mark, unsilenced), Mupigh (black mark,
clouds, unsilenced), Nedutemit (silencing, black mark, unsilenced), Nozorch
(black mark, unsilenced), Nuechuju (black mark, unsilenced), Odi Dow (fast,
black mark, clouds, unsilenced), Olilof (black mark, invisible, unsilenced),
Osaim (black mark, unsilenced), Quppieq (black mark, unsilenced), Ryblelod
(black mark, unsilenced), Siolesuf (black mark, unsilenced), Sitonu (silencing,
black mark, unsilenced), Tiolicki (black mark, unsilenced, corroded), Tismy
(black mark, unsilenced), Tucihe (black mark), Ubih Wou (fast, black mark,
unsilenced, corroded), Vomutter (black mark, unsilenced), Wual (black mark,
unsilenced), Xetsiomei (black mark, unsilenced), Xonoze (silencing, black mark,
unsilenced), Ythassel (black mark, unsilenced), Zaikuang (black mark,
unsilenced), Zohuciceyd (black mark, unsilenced), 2 tentacled monstrosities, a
demonspawn warmonger (black mark), an iron dragon (summoned, unsilenced), a
Tzitzimitl (summoned, black mark, unsilenced), an Ice Fiend (summoned, black
mark, unsilenced), 3 cacodemons, a demonspawn black sun (black mark), an ice
dragon (summoned, black mark, unsilenced), 3 lorocyprocas, a reaper (summoned,
black mark), a soul eater, 2 orange demons, 2 large abominations, a freezing
wraith (summoned, black mark), a sixfirhy (summoned), a smoke demon (black mark,
unsilenced), a hellion (summoned, black mark, unsilenced), 2 wraiths and 3 hell
rats.

Vanquished Creatures
  4 pandemonium lords (D)
  A dread lich (D)
  2 shard shrikes (shapeshifter) (D)
  A golden dragon (shapeshifter) (D)
  A bone dragon (D)
  3 electric golems (D)
  A tentacled monstrosity (D)
  5 Orb Guardians (D)
  A lich (D)
  5 titans (D)
  6 deep elf master archers (D)
  2 deep elf blademasters (D)
  3 titans (shapeshifter) (D)
  5 tentacled starspawn (D)
  A death cob (D)
  An Executioner (D)
  4 ancient champions (D)
  A shadow dragon (shapeshifter) (D)
  5 storm dragons (D)
  A quicksilver elemental (D)
  2 rockslimes (D)
  2 azure jellies (D)
  2 deep elf sorcerers (D)
  An iron dragon (shapeshifter) (D)
  A deep elf elementalist (D)
  A ghoul (D)
  6 war gargoyles (D)
  A draconian annihilator (D)
  A green draconian (D)
  A vampire knight (D)
  3 black draconians (D)
  4 purple draconians (D)
  2 deep elf annihilators (D)
  2 yellow draconians (D)
  2 white draconians (D)
  A merfolk javelineer (D)
  An ettin (shapeshifter) (D)
  2 great orbs of eyes (D)
  3 deep elf high priests (D)
  A hydra (D)
  7 spriggan air magi (D)
  A boulder beetle (D)
  A death yak (D)
  2 dancing weapons (D)
  3 merfolk aquamancers (D)
  A vampire mage (D)
  A thrashing horror (D)
  A shock serpent (shapeshifter) (D)
  A hell hog (D)
  3 soul eaters (D)
  2 deep elf knights (D)
  A wretched star (D)
  2 crystal echidnas (D)
  A skyshark (D)
  A pharaoh ant (D)
  A sea snake (shapeshifter) (D)
  A skyshark (shapeshifter) (D)
  A goliath frog (shapeshifter) (D)
  A sun moth (D)
  4 skeletal warriors (D)
  An orb spider (D)
  A spriggan druid (D)
  A flayed ghost (D)
  A glowing orange brain (shapeshifter) (D)
  4 deep elf archers (D)
  2 glowing orange brains (D)
  2 swamp dragons (shapeshifter) (D)
  2 necromancers (D)
  A harpy (D)
  2 deep elf pyromancers (D)
  2 wolf spiders (D)
  2 deep elf zephyrmancers (D)
  2 cyclopes (D)
  2 shining eyes (D)
  A manticore (shapeshifter) (D)
  2 moths of wrath (D)
  4 worldbinders (D)
  3 shining eyes (shapeshifter) (D)
  2 toenail golems (D)
  2 black mambas (shapeshifter) (D)
  A black mamba (D)
  A torpor snail (D)
  An elephant (shapeshifter) (D)
  6 smoke demons (D)
  An eye of devastation (shapeshifter) (D)
  2 water nymphs (shapeshifter) (D)
  An elephant (D)
  A merfolk siren (D)
  An orange demon (D)
  A cane toad (shapeshifter) (D)
  2 cane toads (D)
  An unseen horror (D)
  A hellion (D)
  A rime drake (shapeshifter) (D)
  4 ancient zymes (D)
  3 komodo dragons (D)
  11 merfolk (D)
  A wind drake (shapeshifter) (D)
  A hellwing (D)
  A hornet (D)
  12 wind drakes (D)
  A hornet (shapeshifter) (D)
  A blink frog (shapeshifter) (D)
  2 raiju (D)
  2 dream sheep (shapeshifter) (D)
  3 jumping spiders (D)
  Sigmund (D)
  11 slime creatures (D)
  A flying skull (D)
  11 air elementals (D)
  A jumping spider (shapeshifter) (D)
  3 spriggans (D)
  4 vampires (D)
  2 shadows (D)
  2 ynoxinuls (D)
  A wyvern (D)
  2 chaos spawn (D)
  A basilisk (shapeshifter) (D)
  5 starcursed masses (D)
  A golden eye (shapeshifter) (D)
  A human (shapeshifter) (D)
  3 redbacks (D)
  A redback (shapeshifter) (D)
  A fire elemental (D)
  A neqoxec (D)
  7 large abominations (D)
  A swamp worm (shapeshifter) (D)
  6 water moccasins (D)
  9 small abominations (D)
  A hell hound (D)
  2 black bears (D)
  A wolf (D)
  5 centaurs (D)
  Blork the orc (D)
  2 scorpions (D)
  An earth elemental (D)
  A wight (D)
  Dowan (D)
  2 crimson imps (D)
  4 quasits (D)
  2 iron imps (D)
  4 jellies (D)
  Crazy Yiuf (D)
  A hound (shapeshifter) (D)
  Jessica (D)
  3 white imps (D)
  An ufetubus (D)
  An adder skeleton (D)
  A spectral bat (D)
  3 bat skeletons (D)
  A bat zombie (D)
  2 endoplasms (D)
  3 ball python skeletons (D)
  5 ball python zombies (D)
  A jackal zombie (D)
  2 quokka skeletons (D)
359 creatures vanquished.

Vanquished Creatures (collateral kills)
  An electric golem (D)
  A vampire knight (D)
  A wretched star (D)
  A necromancer (D)
  A water nymph (D)
  A wind drake (D)
  2 air elementals (D)
  A small abomination (D)
  A golden eye (D)
10 creatures vanquished.

Vanquished Creatures (others)
  6 starspawn tentacles (D)
6 creatures vanquished.

Grand Total: 375 creatures vanquished

Notes
Turn   | Place    | Note
-------+----------+-------------------------------------------
     0 | D        | Revguard the Demonspawn Fighter began the quest for the
                  | Orb.
     0 | D        | Reached XP level 1. HP: 18/18 MP: 1/1
     0 | D        | Found a shimmering blue altar of Sif Muna.
     0 | D        | Found a bloodstained altar of Trog.
     0 | D        | Found a sacrificial altar of Ru.
     0 | D        | Found a stormy altar of Qazlal.
     0 | D        | Found an iron altar of Okawaru.
     1 | D        | Found a sparkling altar of Nemelex Xobeh.
     1 | D        | Found a blossoming altar of Fedhas.
     1 | D        | Found the +6 Majin-Bo {spellvamp, MP+6 Int+6}
     1 | D        | Found the +27 heavy crossbow "Sniper" {heavy, Acc+∞ SInv}
     1 | D        | Found the +10 dark maul {heavy}
     1 | D        | Found the +15 Maxwell's patent armour {-Cast -Tele rElec
                  | Will+ rCorr}
     1 | D        | Found the +18 shield of the Gong {Loud rN+ Will+ rCorr
                  | EV-5}
     1 | D        | Found the +16 obsidian axe {drain, demonic, Mesm Drain Fly
                  | SInv}
     1 | D        | Found the +7 great mace "Firestarter" {flame, immolate,
                  | rFlCloud rF++}
     1 | D        | Found the +6 shillelagh "Devastator" {shatter}
     1 | D        | Found the +11 plutonium sword {Contam Stlth-}
     1 | D        | Found the +8 lance "Wyrmbane" {slay drac, rPois rF+ rC+
                  | AC+3}
     1 | D        | Found the +9 sword of Zonguldrok {reap}
     1 | D        | Found the +13 scythe of Curses {drain, curses, Drain}
     1 | D        | Found the +9 sword of Power {lifebolt}
     1 | D        | Found the +7 mace of Variability {chaos, chaos arc}
     1 | D        | Found the +11 Singing Sword {sonic wave}
     1 | D        | Found the +8 storm bow {elec, penet}
     3 | D        | Found a transporter.
     3 | D        | Found an ancient bone altar of Kikubaaqudgha.
     3 | D        | Found a viscous altar of Jiyva.
     3 | D        | Found a corrupted altar of Lugonu.
     3 | D        | Found a hazy altar of Hepliaklqana.
     3 | D        | Found a burning altar of Makhleb.
     3 | D        | Found an opulent altar of Gozag.
    52 | D        | Became a worshipper of Qazlal Stormbringer
    54 | D        | Reached skill level 2 in Invocations
    54 | D        | Discovered your monstrous ancestry.
    54 | D        | Gained mutation: You have sharp fingernails. [demonic
                  | ancestry]
    54 | D        | Reached XP level 2. HP: 25/25 MP: 2/4
    68 | D        | Entered arena 2.
    68 | D        | Noticed a toenail golem
    68 | D        | Noticed a toenail golem
    68 | D        | Found a transporter.
    83 | D        | Killed a toenail golem
    84 | D        | Reached skill level 5 in Fighting
    84 | D        | Reached skill level 5 in Polearms
    84 | D        | Reached skill level 5 in Armour
    84 | D        | Reached skill level 5 in Dodging
    84 | D        | Reached skill level 5 in Shields
    84 | D        | Reached skill level 6 in Invocations
    84 | D        | Reached skill level 5 in Evocations
    84 | D        | Gained mutation: You have a pair of small horns on your
                  | head. [demonic ancestry]
    84 | D        | Reached XP level 3. HP: 34/34 MP: 4/7
    84 | D        | Gained mutation: A weak demonic guardian rushes to your
                  | aid. [demonic ancestry]
    84 | D        | Reached XP level 4. HP: 40/40 MP: 4/8
    84 | D        | Gained mutation: You have a pair of horns on your head.
                  | [demonic ancestry]
    84 | D        | Reached XP level 5. HP: 46/46 MP: 4/9
    84 | D        | Gained mutation: Your demonic aura sometimes causes spilled
                  | blood to erupt in flames. [demonic ancestry]
    84 | D        | Reached XP level 6. HP: 52/52 MP: 4/10
    93 | D        | Killed a toenail golem
    94 | D        | Reached skill level 7 in Invocations
    94 | D        | Gained mutation: A demonic guardian rushes to your aid.
                  | [demonic ancestry]
    94 | D        | Reached XP level 7. HP: 54/59 MP: 5/12
   108 | D        | Entered arena 3.
   108 | D        | Noticed an air elemental
   108 | D        | Noticed an air elemental
   108 | D        | Noticed an air elemental
   108 | D        | Found a transporter.
   108 | D        | Paralysed by an air elemental for 1 turns
   113 | D        | Killed an air elemental
   113 | D        | Reached * piety under Qazlal
   114 | D        | Reached skill level 8 in Invocations
   114 | D        | Paralysed by an air elemental for 1 turns
   118 | D        | Killed an air elemental
   119 | D        | Gained mutation: You have large cloven feet. [demonic
                  | ancestry]
   119 | D        | Reached XP level 8. HP: 48/67 MP: 8/14
   124 | D        | Killed an air elemental
   305 | D        | Entered arena 4.
   305 | D        | Noticed a jumping spider
   305 | D        | Noticed a jumping spider
   305 | D        | Found a transporter.
   313 | D        | Killed a jumping spider
   313 | D        | Reached ** piety under Qazlal
   314 | D        | Reached skill level 9 in Invocations
   317 | D        | Killed a jumping spider
   338 | D        | Entered arena 5.
   338 | D        | Found a transporter.
   340 | D        | Reached *** piety under Qazlal
   346 | D        | Reached **** piety under Qazlal
   353 | D        | Got the ring of Wu Jian's Castigation {Dex+3 SInv}
   358 | D        | Entered arena 6.
   358 | D        | Noticed Sigmund
   358 | D        | Noticed Jessica
   358 | D        | Noticed Blork the orc
   358 | D        | Noticed Crazy Yiuf
   358 | D        | Noticed Dowan
   358 | D        | Found a transporter.
   364 | D        | Killed Crazy Yiuf
   365 | D        | Killed Sigmund
   367 | D        | Killed Jessica
   369 | D        | Killed Dowan
   370 | D        | Reached XP level 9. HP: 74/74 MP: 16/16
   372 | D        | Killed Blork the orc
   373 | D        | Reached skill level 10 in Invocations
   381 | D        | Got the Tome of the Crevasse
   388 | D        | Entered arena 7.
   389 | D        | Found a transporter.
   390 | D        | Reached ***** piety under Qazlal
   413 | D        | Entered arena 8.
   414 | D        | Found a transporter.
   423 | D        | Reached ****** piety under Qazlal
   436 | D        | Entered arena 9.
   436 | D        | Noticed a wind drake
   436 | D        | Noticed a wind drake
   436 | D        | Noticed a wind drake
   437 | D        | Found a transporter.
   437 | D        | Paralysed by an air elemental for 1 turns
   439 | D        | Paralysed by an air elemental for 1 turns
   444 | D        | Paralysed by an air elemental for 1 turns
   446 | D        | Killed a wind drake
   447 | D        | Reached skill level 11 in Invocations
   454 | D        | Killed a wind drake
   458 | D        | Reached XP level 10. HP: 38/83 MP: 9/18
   476 | D        | Got Sif Muna's Quarto of Metamorphic Blasts
   630 | D        | Entered arena 10.
   630 | D        | Found the +8 longbow "Zephyr" {speed, Dex+3 SInv}
   631 | D        | Found a transporter.
   635 | D        | Reached skill level 12 in Invocations
   648 | D        | Reached skill level 10 in Fighting
   662 | D        | Got the Tractate on the Autopsy and the Assassin
   693 | D        | Entered arena 11.
   693 | D        | Noticed a cyclops
   693 | D        | Noticed a cyclops
   694 | D        | Found a transporter.
   702 | D        | Killed a cyclops
   704 | D        | Killed a cyclops
   705 | D        | Reached skill level 10 in Evocations
   709 | D        | Reached skill level 13 in Invocations
   722 | D        | Got the Atlas of the Shot and Lamentation
   728 | D        | Got the ring "Pogrilo" {Fly rN+ Str+3 Int+2}
   813 | D        | Entered arena 12.
   813 | D        | Noticed a water nymph
   813 | D        | Noticed a skyshark
   813 | D        | Noticed a harpy
   813 | D        | Noticed a merfolk aquamancer
   813 | D        | Noticed a merfolk siren
   813 | D        | Noticed a merfolk aquamancer
   814 | D        | Noticed a merfolk aquamancer
   814 | D        | Noticed a merfolk javelineer
   822 | D        | Killed a skyshark
   823 | D        | Reached skill level 10 in Polearms
   823 | D        | Gained mutation: Your demonic aura often causes spilled
                  | blood to erupt in flames. [demonic ancestry]
   823 | D        | Reached XP level 11. HP: 88/92 MP: 17/20
   825 | D        | Killed a harpy
   825 | D        | Killed a merfolk aquamancer
   826 | D        | Reached skill level 10 in Armour
   826 | D        | Reached skill level 10 in Shields
   833 | D        | Reached skill level 10 in Dodging
   835 | D        | Killed a merfolk javelineer
   836 | D        | Found a transporter.
   838 | D        | Killed a merfolk aquamancer
   845 | D        | Reached skill level 14 in Invocations
   850 | D        | Killed a merfolk aquamancer
   865 | D        | Got the ring "Latyneorch" {rF+ Int+8}
   955 | D        | Entered arena 13.
   955 | D        | Noticed a wolf spider
   955 | D        | Noticed a pharaoh ant
   955 | D        | Noticed a wolf spider
   955 | D        | Noticed a boulder beetle
   956 | D        | Noticed a sun moth
   957 | D        | Found a transporter.
   959 | D        | Killed a pharaoh ant
   962 | D        | Killed a wolf spider
   969 | D        | Killed a sun moth
   970 | D        | Killed a wolf spider
   983 | D        | Killed a boulder beetle
   984 | D        | Reached skill level 15 in Invocations
   991 | D        | Got the ring of Ykkol {rF+ MP+9 Slay+3 Stlth+}
   997 | D        | Got the Secrets of Transmogrification
  1128 | D        | Entered arena 14.
  1129 | D        | Noticed a soul eater
  1129 | D        | Noticed a soul eater
  1129 | D        | Noticed a soul eater
  1144 | D        | Killed a soul eater
  1145 | D        | Gained mutation: You have a pair of large horns on your
                  | head. [demonic ancestry]
  1145 | D        | Reached XP level 12. HP: 102/102 MP: 23/23
  1166 | D        | Found a transporter.
  1185 | D        | Got Sif Muna's Meditations on Violence
  1192 | D        | Entered arena 15.
  1192 | D        | Noticed a rockslime
  1193 | D        | Noticed an azure jelly
  1194 | D        | Found the ring of the Mage {Wiz Archmagi}
  1195 | D        | Found a transporter.
  1196 | D        | Killed an azure jelly
  1204 | D        | Killed a rockslime
  1205 | D        | Reached skill level 16 in Invocations
  1230 | D        | Entered arena 16.
  1230 | D        | Noticed a war gargoyle
  1230 | D        | Noticed a war gargoyle
  1230 | D        | Noticed a war gargoyle
  1230 | D        | Noticed an ancient champion
  1230 | D        | Noticed a dread lich
  1230 | D        | Noticed a war gargoyle
  1231 | D        | Noticed a war gargoyle
  1231 | D        | Noticed an ancient champion
  1231 | D        | Noticed a war gargoyle
  1231 | D        | Noticed a quicksilver elemental
  1231 | D        | Noticed an ancient champion
  1231 | D        | Noticed an ancient champion
  1232 | D        | Noticed an Executioner
  1235 | D        | Killed a war gargoyle
  1236 | D        | Killed a quicksilver elemental
  1236 | D        | Killed a war gargoyle
  1236 | D        | Killed a war gargoyle
  1236 | D        | Killed a war gargoyle
  1236 | D        | Killed an ancient champion
  1236 | D        | Killed a war gargoyle
  1236 | D        | Killed an ancient champion
  1237 | D        | Reached skill level 17 in Invocations
  1237 | D        | Reached XP level 13. HP: 105/112 MP: 7/25
  1243 | D        | Killed a war gargoyle
  1259 | D        | Killed an ancient champion
  1265 | D        | Killed a dread lich
  1267 | D        | Killed an ancient champion
  1268 | D        | Reached skill level 18 in Invocations
  1268 | D        | Found a transporter.
  1402 | D        | Entered arena 17.
  1404 | D        | Noticed an azure jelly
  1405 | D        | Noticed a rockslime
  1411 | D        | Killed an azure jelly
  1427 | D        | Killed a rockslime
  1429 | D        | Found a transporter.
  1439 | D        | Got the ring of Zemu Cuamev {rC+ Int+3 SInv}
  1473 | D        | Entered arena 18.
  1475 | D        | Noticed a vampire knight
  1476 | D        | Noticed a ghoul
  1476 | D        | Identified the staff of fire "Bigoluh" {rF+ Dex+2}
  1476 | D        | Noticed a vampire knight
  1476 | D        | Identified the +1 plate armour "Efafaj" {rC+}
  1477 | D        | Identified the +1 great mace of Vahuol {freeze, Dex+3}
  1478 | D        | Found a transporter.
  1480 | D        | Reached skill level 15 in Fighting
  1486 | D        | Killed a ghoul
  1488 | D        | Reached skill level 15 in Evocations
  1496 | D        | Reached skill level 19 in Invocations
  1496 | D        | Killed a vampire knight
  1500 | D        | Killed a vampire knight
  1501 | D        | Gained mutation: You have hoof-like feet. [demonic
                  | ancestry]
  1501 | D        | Reached XP level 14. HP: 44/123 MP: 17/27
  1568 | D        | Entered arena 19.
  1571 | D        | Identified the +7 falchion "Irunoe" {antimagic, rPois Will-
                  | rCorr Stlth+}
  1572 | D        | Identified the amulet "Eshocwex" {Acrobat Int+2 Dex+4}
  1572 | D        | Found the +6 arbalest "Damnation" {damnation}
  1615 | D        | Found a transporter.
  1631 | D        | Got the Incunable of Oxidation and the Shift
  1650 | D        | Entered arena 20.
  1653 | D        | Noticed a death cob
  1654 | D        | Noticed an Orb Guardian
  1654 | D        | Noticed a storm dragon
  1654 | D        | Noticed an Orb Guardian
  1654 | D        | Identified the +4 morningstar "Guihah" {holy, rPois}
  1658 | D        | Noticed an Orb Guardian
  1659 | D        | Noticed an Orb Guardian
  1661 | D        | Noticed an Orb Guardian
  1663 | D        | Noticed a tentacled monstrosity
  1664 | D        | Noticed a yellow draconian annihilator
  1665 | D        | Killed a yellow draconian annihilator
  1665 | D        | Killed an Orb Guardian
  1665 | D        | Identified the +3 war axe of the Wary Lovers {flame, Will+
                  | Dex+2}
  1666 | D        | Reached skill level 15 in Polearms
  1666 | D        | Reached skill level 15 in Armour
  1666 | D        | Reached skill level 15 in Dodging
  1666 | D        | Reached skill level 15 in Shields
  1666 | D        | Reached skill level 20 in Invocations
  1666 | D        | Killed an Orb Guardian
  1672 | D        | Killed a storm dragon
  1673 | D        | Killed a death cob
  1680 | D        | Killed a tentacled monstrosity
  1685 | D        | Reached skill level 21 in Invocations
  1692 | D        | Killed an Orb Guardian
  1700 | D        | Killed an Orb Guardian
  1702 | D        | Killed an Orb Guardian
  1711 | D        | Found a transporter.
  1773 | D        | Entered arena 21.
  1776 | D        | Noticed a tentacled starspawn
  1776 | D        | Noticed a lich
  1781 | D        | Gained mutation: Your magical and physical power is
                  | slightly enhanced at high health. [demonic ancestry]
  1781 | D        | Reached XP level 15. HP: 134/134 MP: 29/29
  1781 | D        | Killed a tentacled starspawn
  1782 | D        | Killed a lich
  1786 | D        | Found a transporter.
  1828 | D        | Got Mnoleg's Anthology of Support
  1840 | D        | Got the Directory of the Rocky Gathering
  1860 | D        | Entered arena 22.
  1862 | D        | Noticed a deep elf blademaster
  1863 | D        | Noticed a deep elf master archer
  1863 | D        | Noticed a deep elf master archer
  1863 | D        | Identified the +2 war axe of Vosio {flame, rF+}
  1864 | D        | Noticed a deep elf master archer
  1864 | D        | Noticed a deep elf master archer
  1864 | D        | Noticed a deep elf master archer
  1864 | D        | Noticed a deep elf blademaster
  1864 | D        | Identified the staff of poison "Puemm" {rPois Will+ Str+3
                  | Int+3 Stlth+}
  1865 | D        | Identified the staff of death "Qeow" {rN+ MP+9 Str+4 Int+2}
  1865 | D        | Identified the +2 rapier "Ciameiclu" {vamp, rElec Int+6}
  1865 | D        | Noticed a deep elf sorcerer
  1865 | D        | Noticed a deep elf sorcerer
  1865 | D        | Identified the +5 lajatang of Edapt {heavy, Int+10}
  1865 | D        | Noticed a deep elf master archer
  1865 | D        | Identified the +4 hand axe of the Twisting Whale {heavy,
                  | rPois rC+ Stlth+}
  1866 | D        | Killed a deep elf master archer
  1866 | D        | Killed a deep elf master archer
  1866 | D        | Killed a deep elf master archer
  1866 | D        | Killed a deep elf sorcerer
  1866 | D        | Killed a deep elf master archer
  1866 | D        | Killed a deep elf master archer
  1866 | D        | Killed a deep elf sorcerer
  1867 | D        | Reached skill level 22 in Invocations
  1867 | D        | Identified the amulet of the Cast Vote {Faith Str+2}
  1869 | D        | Killed a deep elf blademaster
  1870 | D        | Reached skill level 23 in Invocations
  1874 | D        | Killed a deep elf blademaster
  1874 | D        | Identified the ring "Ileableu" {rPois rF+ Slay+4}
  1876 | D        | Found a transporter.
  1882 | D        | Killed a deep elf master archer
  1902 | D        | Got the Compendium of Turbulence and the Gift
  1914 | D        | Got the Elucidation of Nephomancy and Open Graves
  1997 | D        | Entered arena 23.
  2002 | D        | Noticed a titan
  2002 | D        | Noticed a storm dragon
  2002 | D        | Noticed a titan
  2002 | D        | Noticed a storm dragon
  2002 | D        | Identified the +9 rapier "Apsoh" {antimagic, Int+2}
  2002 | D        | Noticed an electric golem
  2002 | D        | Noticed an electric golem
  2003 | D        | Noticed a storm dragon
  2004 | D        | Paralysed by an air elemental for 1 turns
  2006 | D        | Paralysed by an air elemental for 1 turns
  2007 | D        | Noticed an electric golem
  2008 | D        | Noticed a storm dragon
  2012 | D        | Killed a storm dragon
  2012 | D        | Noticed a titan
  2013 | D        | Killed a titan
  2013 | D        | Killed a storm dragon
  2013 | D        | Killed an electric golem
  2013 | D        | Killed a storm dragon
  2013 | D        | Killed a titan
  2013 | D        | Noticed an electric golem
  2013 | D        | Noticed a titan
  2014 | D        | Reached skill level 24 in Invocations
  2014 | D        | Gained mutation: You have very sharp fingernails. [demonic
                  | ancestry]
  2014 | D        | Reached XP level 16. HP: 55/147 MP: 24/32
  2015 | D        | Noticed a titan
  2017 | D        | Killed a storm dragon
  2018 | D        | Killed a titan
  2018 | D        | Killed a titan
  2018 | D        | Killed a titan
  2020 | D        | Killed an electric golem
  2038 | D        | Killed an electric golem
  2064 | D        | Killed an electric golem
  2068 | D        | Found a transporter.
  2113 | D        | Got the +0 pair of boots of the Old and Reckless {Slay+3}
  2166 | D        | Entered arena 24.
  2171 | D        | Noticed a titan
  2171 | D        | Noticed a juggernaut
  2171 | D        | a juggernaut changed into a titan
  2171 | D        | Noticed a titan (glowing shapeshifter)
  2171 | D        | Identified the +5 shortbow of Big Damage {flame, Int+5
                  | Dex-4}
  2172 | D        | a glowing shapeshifter changed into a titan
  2172 | D        | Noticed a titan (glowing shapeshifter)
  2172 | D        | a titan changed into a juggernaut
  2172 | D        | Noticed a juggernaut (glowing shapeshifter)
  2172 | D        | Noticed a titan
  2173 | D        | Noticed a titan
  2173 | D        | Noticed a shard shrike
  2173 | D        | Noticed a shard shrike
  2175 | D        | Killed a shard shrike
  2175 | D        | a juggernaut changed into a titan
  2175 | D        | Noticed a titan (glowing shapeshifter)
  2176 | D        | Reached skill level 25 in Invocations
  2176 | D        | a titan changed into a golden dragon
  2176 | D        | Noticed a golden dragon (glowing shapeshifter)
  2176 | D        | a titan changed into a juggernaut
  2176 | D        | Noticed a juggernaut (glowing shapeshifter)
  2176 | D        | Noticed a golden dragon
  2177 | D        | Killed a shard shrike
  2177 | D        | Killed a titan
  2177 | D        | Killed a titan
  2177 | D        | Killed a titan
  2177 | D        | a golden dragon changed into an iron giant
  2177 | D        | Noticed an iron giant (glowing shapeshifter)
  2177 | D        | a juggernaut changed into an iron dragon
  2178 | D        | an iron giant changed into an iron dragon
  2180 | D        | an iron dragon changed into a shadow dragon
  2180 | D        | Noticed a shadow dragon (glowing shapeshifter)
  2185 | D        | Killed a golden dragon
  2197 | D        | Killed a shadow dragon
  2201 | D        | Reached skill level 26 in Invocations
  2220 | D        | Found the +7 great mace "Undeadhunter" {deathbane, rN+}
  2221 | D        | Found a transporter.
  2253 | D        | Got the ring "Dinick" {Fly rElec rN+ Str+2 SInv}
  2256 | D        | Got Immil's Cyclopedia of Changing and the Squall
  2261 | D        | Got the ring "Sidat" {Fire Str+3}
  2368 | D        | Entered arena 25.
  2373 | D        | Noticed Udyuqina the pandemonium lord
  2374 | D        | Noticed a tentacled starspawn
  2374 | D        | Noticed a tentacled starspawn
  2378 | D        | Killed a tentacled starspawn
  2378 | D        | Killed a tentacled starspawn
  2383 | D        | Noticed a bone dragon
  2387 | D        | Identified the ring of the Stopping Gods {Fly Str+4}
  2389 | D        | Identified the +8 chain mail of the Miller {rC++ rN+ Dex+4}
  2389 | D        | Noticed a tentacled starspawn
  2390 | D        | Killed a tentacled starspawn
  2390 | D        | Killed Udyuqina the pandemonium lord
  2390 | D        | Killed a tentacled starspawn
  2391 | D        | Reached skill level 27 in Invocations
  2391 | D        | Gained mutation: You have hooves in place of feet. [demonic
                  | ancestry]
  2391 | D        | Reached XP level 17. HP: 117/160 MP: 13/34
  2396 | D        | Killed a bone dragon
  2405 | D        | Found a transporter.
  2420 | D        | Got the +0 cloak of Zitusawk {rElec rN++ rCorr Stlth-}
  2434 | D        | Got the amulet "Feusma" {RegenMP Will+ Int+3}
  2444 | D        | Got the ring "Gockaur" {rPois rC- rN+ SInv}
  2478 | D        | Entered arena 26.
  2485 | D        | Noticed Fuug Ybe the pandemonium lord
  2485 | D        | Noticed Hiarghuf the pandemonium lord
  2486 | D        | Noticed Tismy the pandemonium lord
  2486 | D        | Noticed Sitonu the pandemonium lord
  2486 | D        | Noticed Nozorch the pandemonium lord
  2486 | D        | Noticed Tiolicki the pandemonium lord
  2486 | D        | Noticed Odi Dow the pandemonium lord
  2486 | D        | Noticed Wual the pandemonium lord
  2486 | D        | Noticed Koilogg the pandemonium lord
  2486 | D        | Noticed Zaikuang the pandemonium lord
  2486 | D        | Noticed Ryblelod the pandemonium lord
  2486 | D        | Noticed Ruwnoar the pandemonium lord
  2486 | D        | Noticed Wuas the pandemonium lord
  2486 | D        | Noticed Xonoze the pandemonium lord
  2487 | D        | Noticed Vomutter the pandemonium lord
  2487 | D        | Noticed Goifus the pandemonium lord
  2487 | D        | Noticed Abril the pandemonium lord
  2487 | D        | Noticed Gescheqea the pandemonium lord
  2487 | D        | Noticed Kogiurepsa the pandemonium lord
  2487 | D        | Noticed Ubih Wou the pandemonium lord
  2487 | D        | Noticed Alofasoe the pandemonium lord
  2487 | D        | Noticed Kovuosu the pandemonium lord
  2487 | D        | Noticed Nedutemit the pandemonium lord
  2488 | D        | Noticed Osaim the pandemonium lord
  2488 | D        | Noticed Nuechuju the pandemonium lord
  2488 | D        | Noticed Zuheocua the pandemonium lord
  2488 | D        | Killed Alofasoe the pandemonium lord
  2488 | D        | Noticed Mupigh the pandemonium lord
  2488 | D        | Noticed Bienedia the pandemonium lord
  2489 | D        | Noticed Quppieq the pandemonium lord
  2490 | D        | Noticed Killus the pandemonium lord
  2490 | D        | Noticed Meus the pandemonium lord
  2492 | D        | Noticed a tentacled monstrosity
  2492 | D        | Noticed a tentacled monstrosity
  2492 | D        | Noticed Xetsiomei the pandemonium lord
  2495 | D        | Noticed an Ice Fiend
  2498 | D        | Noticed Tucihe the pandemonium lord
  2498 | D        | Noticed Gaq Puh the pandemonium lord
  2499 | D        | Noticed a tentacled monstrosity
  2499 | D        | Noticed a tentacled monstrosity
  2499 | D        | Noticed a tentacled monstrosity
  2499 | D        | Noticed Olilof the pandemonium lord
  2501 | D        | Noticed a Tzitzimitl
  2501 | D        | Killed Ruwnoar the pandemonium lord
  2501 | D        | Noticed Siolesuf the pandemonium lord
  2504 | D        | Killed Wuas the pandemonium lord
  2505 | D        | Noticed Ythassel the pandemonium lord
  2506 | D        | HP: 8/160 [Fuug Ybe the pandemonium lord (10)]
  2508 | D        | Noticed Zohuciceyd the pandemonium lord
  2508 | D        | Constricted to death by a tentacled monstrosity

Illustrated notes

Levels and vault maps discovered:
D:        sprint_v [room_start, room_1, room_2, room_3, room_4, room_5, room_6,
          room_7, room_8, room_9, room_10, room_11, room_12, room_13, room_14,
          room_15, room_16, room_17, room_18, room_19, room_20, room_21,
          room_22, room_23, room_24, room_25, room_26, room_27]

Skill      XL: |  1  2  3  4  5  6  7  8  9 10 11 12 13 14 15 16 17 |
---------------+----------------------------------------------------+-----
Polearms       | 3 5 6 7 8 10 11 12 14 16 18 20 | 20.7
Armour         | 3 5 6 7 8 9 11 12 14 16 18 20 | 20.7
Dodging        | 2 5 6 7 8 9 11 12 14 16 17 20 | 20.6
Shields        | 3 5 6 7 8 9 11 12 14 16 17 20 21 | 21.0
Invocations    | 2 6 7 8 9 11 13 15 17 19 21 24 27 | 27.0
Evocations     | 2 5 6 7 9 10 11 13 15 17 19 21 22 | 22.1
Fighting       | 5 6 7 8 9 10 12 13 15 17 19 21 22 | 22.3

Action                     |  1- 3 |  4- 6 |  7- 9 | 10-12 | 13-15 | 16-18 || total
---------------------------+-------+-------+-------+-------+-------+-------++-------
  Melee: Lance             |    15 |    10 |    77 |   113 |   163 |    63 ||   441
         Headbutt          |       |     3 |    13 |    40 |    41 |    14 ||   111
         Kick              |       |       |    14 |    41 |    75 |    10 ||   140
 Invoke: Disaster Area     |       |       |       |     9 |     8 |     6 ||    23
         Elemental Force   |       |       |       |     1 |     1 |     3 ||     5
         Upheaval          |       |       |       |       |     1 |     1 ||     2
  Evoke: Wand              |       |       |     1 |       |       |     6 ||     7
         Condenser vane    |       |       |       |       |     1 |     4 ||     5
         Box of beasts     |       |       |       |       |       |     3 ||     3
    Use: Potion            |     1 |       |     1 |     2 |     7 |     6 ||    17
   Stab: Distracted        |       |       |       |     1 |     2 |     1 ||     4
         Paralysed         |       |       |       |       |     2 |       ||     2
 Armour: Plate armour      |     5 |     1 |    74 |    39 |    79 |    60 ||   258
  Dodge: Dodged            |       |     1 |    15 |     8 |    28 |    33 ||    85
         Repelled          |       |       |     1 |       |     2 |     1 ||     4
  Block: Kite shield       |    21 |     6 |   145 |   186 |   346 |   161 ||   865
